 Dungeon Crawl Stone Soup version 0.25-a0-510-ge065f6de7d (webtiles) character file.

Game seed: 1972100893168546040, levelgen mode: deterministic

121 Eurus the Grave Robber (level 4, -1/33 HPs)
             Began as a Mummy Necromancer on Feb 15, 2020.
             Slain by a gnoll
             ... wielding a +0 halberd
              (10 damage)
             ... on level 3 of the Dungeon.
             The game lasted 00:08:03 (2731 turns).

Eurus the Grave Robber (Mummy Necromancer)          Turns: 2731, Time: 00:08:03

Health: -1/33      AC:  3    Str: 11    XL:     4   Next: 76%
Magic:  6/9        EV: 12    Int: 15    God:
Gold:   134        SH:  0    Dex: 12    Spells: 6/10 levels left

rFire    x . .     SeeInvis .   b - +0 dagger
rCold    + . .     Gourm    .   (no shield)
rNeg     + + +     Faith    .   a - +0 robe
rPois    ∞         Spirit   .   (no helmet)
rElec    .         Reflect  .   (no cloak)
rCorr    .         Harm     .   e - +0 pair of gloves
MR       .....                  (no boots)
Stlth    ++........             (no amulet)
HPRegen  0.11/turn              (no ring)
MPRegen  0.11/turn              (no ring)

@: no status effects
A: no food or potions, fire vulnerability, cold resistance 1, negative energy
resistance 3, torment resistance, unbreathing
a: no special abilities


You were on level 3 of the Dungeon.
You were not hungry.

You visited 1 branch of the dungeon, and saw 3 of its levels.

You collected 134 gold pieces.

Inventory:

Hand Weapons
 b - a +0 dagger (weapon)
Armour
 a - a +0 robe (worn)
 e - a +0 pair of gloves (worn)
Wands
 i - a wand of acid (9)
Scrolls
 c - a scroll of enchant weapon {unknown}
 d - 2 scrolls of identify {unknown}
 f - a scroll of teleportation {unknown}
 g - a scroll of amnesia {unknown}
 h - a scroll of remove curse {unknown}


   Skills:
 + Level 2.0 Fighting
 + Level 0.1 Armour
 - Level 1.5 Dodging
 - Level 1.5 Stealth
 + Level 3.8 Spellcasting
 * Level 5.1 Necromancy


You had 6 spell levels left.
You knew the following spells:

 Your Spells              Type           Power        Failure   Level  Hunger
a - Pain                  Necr           ###.         2%          1    N/A
b - Vampiric Draining     Necr           ###.......   7%          3    N/A

Your spell library contained the following spells:

 Spells                   Type           Power        Failure   Level  Hunger
 Animate Skeleton         Necr           N/A          2%          1    N/A
 Animate Dead             Necr           N/A          22%         4    N/A
 Agony                    Necr           ###.....     52%         5    N/A

Dungeon Overview and Level Annotations

Branches:
Dungeon (3/15)

Altars:
Ru
Trog
The Shining One


Innate Abilities, Weirdness & Mutations

You do not eat or drink.
Your flesh is vulnerable to fire.
You are immune to poison.
Your flesh is cold resistant. (rC+)
You are immune to negative energy. (rN+++)
You are immune to unholy pain and torment.
You can survive without breathing.


Message History

Press: ? - help, Shift-Dir - straight line, f - gnoll
Aim: a gnoll, wielding a +0 halberd (chance to defeat MR: 84%)
The gnoll writhes in agony.
The gnoll hits you from afar with a +0 halberd!
Casting: Pain (safe; 2% risk of failure)
Confirm with . or Enter, or press ? or * to list all spells.
Aiming: Pain (safe; 2% risk of failure)
Press: ? - help, Shift-Dir - straight line, f/p - gnoll
Aim: a gnoll, wielding a +0 halberd (heavily wounded, chance to defeat MR: 84%)
The gnoll barely resists.
The gnoll hits you from afar with a +0 halberd!
* * * LOW HITPOINT WARNING * * *
Casting: Pain (safe; 2% risk of failure)
Confirm with . or Enter, or press ? or * to list all spells.
Aiming: Pain (safe; 2% risk of failure)
Press: ? - help, Shift-Dir - straight line, f/p - gnoll
Aim: a gnoll, wielding a +0 halberd (heavily wounded, chance to defeat MR: 84%)
The gnoll barely resists.
The gnoll hits you from afar with a +0 halberd!
You die...

###.### #.....# #.....#
...... #..g.!### ......
#.g..... #......
###..%..#..##....... #
#........g..........
#...##g#######........
.......ggg.@..†........
#######.####<..........
#.# #..##########
#.##..## #....# #####


You could see 3 gnolls and a goblin.

Vanquished Creatures
  Jessica (D:2)
  Terence (D:2)
  An adder (D:2)
  3 worms
  A leopard gecko (D:2)
  2 orcs
  A giant cockroach (D:2)
  11 goblins
  6 hobgoblins
  3 jackals (D:1)
  4 kobolds
  A quokka (D:2)
  2 ball pythons
  5 bats
  2 frilled lizards
  4 rats
48 creatures vanquished.

Notes
Turn   | Place    | Note
-------+----------+-------------------------------------------
     0 | D:1      | Eurus the Mummy Necromancer began the quest for the Orb.
     0 | D:1      | Reached XP level 1. HP: 13/13 MP: 4/4
   421 | D:1      | Reached XP level 2. HP: 20/20 MP: 4/6
  1131 | D:2      | Reached skill level 1 in Fighting
  1254 | D:2      | Reached XP level 3. HP: 24/26 MP: 3/7
  1611 | D:2      | Noticed Jessica
  1733 | D:2      | Learned a level 3 spell: Vampiric Draining
  1764 | D:2      | Found a bloodstained altar of Trog.
  1764 | D:2      | Found a glowing golden altar of the Shining One.
  1830 | D:2      | Found a sacrificial altar of Ru.
  2028 | D:2      | Noticed Terence
  2061 | D:2      | Killed Terence
  2061 | D:2      | Reached XP level 4. HP: 13/33 MP: 1/9
  2415 | D:2      | Killed Jessica
  2415 | D:2      | Reached skill level 5 in Necromancy
  2731 | D:3      | Slain by a gnoll

Levels and vault maps discovered:
D:1:      scummos_arrival_simple_fountains, layout_loops_ring
D:2:      kennysheep_big_flooded_room, layout_basic,
          chequers_temple_overflow_statue_of_worship, uniq_jessica, uniq_terence
D:3:      layout_rooms, grunt_temple_overflow_open

Skill      XL: |  1  2  3  4 |
---------------+-------------+-----
Spellcasting   | 3 |  3.8
Fighting       | 1 2 |  2.0
Necromancy     | 5 |  5.1
Armour         | |  0.1
Dodging        | |  1.5
Stealth        | |  1.5

Action                   |  1- 3 |  4- 6 || total
-------------------------+-------+-------++-------
Melee: Dagger            |    38 |    10 ||    48
 Cast: Pain              |    68 |    24 ||    92
Armor: Robe              |    11 |       ||    11
Dodge: Dodged            |    27 |     7 ||    34

Table legend:
 A = Non-vault XP
 B = Vault XP
 C = Vault XP percentage of total XP
 D = Non-vault monster count
 E = Vault monster count
 F = Vault count percentage of total count
                 A         B        C        D         E       F
            +---------+---------+-------+---------+---------+-------
      Total |      98 |      75 |  43.4 |      44 |       4 |   8.3
            +---------+---------+-------+---------+---------+-------
        D:1 |      30 |       0 |   0.0 |      19 |       0 |   0.0
        D:2 |      53 |      75 |  58.6 |      19 |       4 |  17.4
        D:3 |      15 |       0 |   0.0 |       6 |       0 |   0.0
            +---------+---------+-------+---------+---------+-------
